 Dungeon Crawl Stone Soup version 0.30-a0-1093-gcfb1e0cf12 (webtiles) character file.

Game seed: 3915290392679880284

758 KristoblXynda the Trooper (level 7, -3/61 HPs)
             Began as a Yellow Draconian Fighter on Apr 17, 2023.
             Slain by an iron imp (4 damage)
             ... summoned by Eustachio
             ... on level 5 of the Dungeon.
             The game lasted 00:06:24 (4788 turns).

KristoblXynda the Trooper (DrFi)                    Turns: 4788, Time: 00:06:25

Health: -3/61      AC:  7    Str: 24    XL:     7   Next: 50%
Magic:  7/7        EV: 13    Int: 13    God:
Gold:   309        SH:  5    Dex: 13    Spells: 6/6 levels left

rFire   . . .      SeeInvis .    a - +0 long sword
rCold   . . .      Faith    .    b - +0 buckler
rNeg    . . .      Spirit   .    (body armour unavailable)
rPois   .          Reflect  .    (helmet restricted)
rElec   .          Rampage  .    (no cloak)
rCorr   +                        (no gloves)
Will    .....                    f - +0 pair of boots
Stlth   +                        (no amulet)
HPRegen 0.30/turn                n - ring of Ximore {Str+6 Int+3 Dex+2}
MPRegen 0.10/turn                (no ring)

@: short of breath
A: spit acid, AC +6, unfitting armour, cold-blooded, acid resistance
a: Breathe Acid


You were on level 5 of the Dungeon.
You visited 1 branch of the dungeon, and saw 5 of its levels.

You collected 309 gold pieces.

Inventory:

Hand Weapons
 a - a +0 long sword (weapon)
Armour
 b - a +0 buckler (worn)
 f - a +0 pair of boots (worn)
Jewellery
 n - the ring of Ximore (left hand) {Str+6 Int+3 Dex+2}
   (You found it on level 3 of the Dungeon)

   [ring of strength]

   Str:       It affects your strength (+6).
   Int:       It affects your intelligence (+3).
   Dex:       It affects your dexterity (+2).
Wands
 l - a wand of flame (12)
 s - a wand of iceblast (3)
 v - a wand of acid (5)
Scrolls
 d - 3 scrolls of teleportation
 e - a scroll of blinking {unknown}
 i - a scroll of enchant armour {unknown}
 k - 2 scrolls of immolation
 p - a scroll of fog {unknown}
 q - a scroll of poison {unknown}
 r - a scroll of acquirement {unknown}
 u - a scroll of silence {unknown}
Potions
 c - a potion of might
 g - a potion of flight
 h - 2 potions of mutation
 j - a potion of magic {unknown}
 m - a potion of heal wounds {unknown}
 o - 2 potions of berserk rage
 t - a potion of ambrosia
 w - a potion of brilliance {unknown}


   Skills:
 + Level 5.6 Fighting
 * Level 5.3 Long Blades
 + Level 4.6 Dodging
 - Level 4.2 Shields


You had 6 spell levels left.
You didn't know any spells.
Your spell library contained the following spells:

 Spells                   Type           Power      Damage    Failure   Level
 Magic Dart               Conj           0%         1d3       36%         1
 Blink                    Tloc           0%         N/A       52%         2
 Lesser Beckoning         Tloc           0%         N/A       52%         2
 Momentum Strike          Conj/Tloc      0%         3d8       52%         2
 Searing Ray              Conj           0%         2d4       52%         2
 Call Canine Familiar     Summ           0%         N/A       75%         3
 Summon Guardian Golem    Hex/Summ       0%         N/A       75%         3
 Fulminant Prism          Conj/Hex       0%         3d5       98%         4
 Summon Cactus Giant      Summ           0%         N/A       100%        6
 Haunt                    Necr/Summ      0%         N/A       100%        7


Dungeon Overview and Level Annotations

Branches:
Dungeon (5/15)
 Temple: D:4-7

Altars:
Ru

Shops:
D:1 (

Annotations:
D:5 Eustachio, Prince Ribbit


Innate Abilities, Weirdness & Mutations

You can spit globs of acid.
Your golden yellow scales are hard. (AC +6)
You cannot fit into any form of body armour.
You are cold-blooded and may be slowed by cold attacks.
You are resistant to acid. (rCorr)


Message History

Press: ? - help, Shift-Dir - straight line, f/p - Eustachio
Aim: Eustachio, wielding a +2 heavy falchion and wearing a +2 leather armour of fire resistance (lightly wounded, 60% to hit)
The bolt of acid hits Eustachio!
The acid corrodes Eustachio!
Eustachio is moderately wounded.
Eustachio gestures wildly while chanting.
You slash Eustachio!
Eustachio is heavily wounded.
The ufetubus closely misses you. The ufetubus misses you.
Eustachio says, "Summoning is fun!"
Eustachio mumbles some strange words.
You barely miss Eustachio.
Eustachio is heavily wounded.
The ufetubus disappears in a puff of smoke! x2
The iron imp completely misses you. You block Eustachio's attack.
The shadow imp gestures at you. Pain shoots through your body!
* * * LOW HITPOINT WARNING * * *
You barely miss Eustachio.
Eustachio is heavily wounded.
You block the iron imp's attack.
Eustachio gestures wildly while chanting.
Eustachio blinks!
The white imp hits you but does no damage.
The white imp attacks as you move away! The white imp barely misses you.
The iron imp hits you.
* * * LOW HITPOINT WARNING * * *
The shadow imp hits you but does no damage.
The white imp gestures at you. The puff of frost hits you.
* * * LOW HITPOINT WARNING * * *
Aiming: Corrosive Bolt
Press: ? - help, Shift-Dir - straight line, f/p - Eustachio
Aim: Eustachio, wielding a +2 heavy falchion and wearing a +2 leather armour of fire resistance (heavily wounded, covered in acid, 60% to hit)
The bolt of acid hits Eustachio!
Eustachio seems to be corroded for longer.
Eustachio is almost dead.
Eustachio hits you with a +2 heavy falchion!
* * * LOW HITPOINT WARNING * * *
You block the shadow imp's attack. The iron imp hits you.
You die...

####### ##.....###
###...5....#
###....@@5..#
#...#....5###
.##...#.....#
....##......# .
.##..........#####
...........#....#......
...........####..####.#
............##...# #.
#..............###....


You could see Eustachio (corroded), an iron imp (summoned), a white imp
(summoned) and a shadow imp (summoned).

Vanquished Creatures
  A black bear (D:4)
  An ogre (D:4)
  A scorpion (D:5)
  2 hounds (D:5)
  A jelly (D:5)
  2 orc priests (D:4)
  Terence (D:2)
  3 iguanas
  Natasha (thrice) (D:2)
  4 gnolls (D:5)
  5 adders
  A white imp (D:5)
  An ufetubus (D:5)
  A worm (D:3)
  4 dart slugs
  5 orcs
  10 ball pythons
  3 endoplasms (D:4)
  5 giant cockroaches
  4 goblins
  8 hobgoblins
  8 jackals
  4 quokkas
  7 bats
  A frilled lizard (D:2)
  9 kobolds
  7 rats
102 creatures vanquished.

Notes
Turn   | Place    | Note
-------+----------+-------------------------------------------
     0 | D:1      | KristoblXynda the Draconian Fighter began the quest for the
                  | Orb.
     0 | D:1      | Reached XP level 1. HP: 19/19 MP: 1/1
   178 | D:1      | Reached XP level 2. HP: 26/26 MP: 2/2
   517 | D:1      | Reached XP level 3. HP: 32/33 MP: 3/3
   850 | D:1      | Found Enaje's Antique Weapon Boutique.
  1126 | D:2      | Noticed Natasha
  1139 | D:2      | Killed Natasha
  1140 | D:2      | Reached XP level 4. HP: 5/40 MP: 4/4
  1163 | D:2      | Noticed Natasha
  1179 | D:2      | HP: 2/40 [Natasha (5)]
  1191 | D:2      | Killed Natasha
  1476 | D:2      | Noticed Terence
  1502 | D:2      | Killed Terence
  1503 | D:2      | Reached XP level 5. HP: 8/46 MP: 5/5
  1694 | D:2      | Noticed Natasha
  1705 | D:2      | Killed Natasha
  2258 | D:3      | Found a sacrificial altar of Ru.
  2259 | D:3      | Found a faded altar of an unknown god.
  2278 | D:3      | Identified the ring of Ximore {Str+6 Int+3 Dex+2}
  3099 | D:4      | Noticed a black bear
  3105 | D:4      | Killed a black bear
  3106 | D:4      | Reached XP level 6. HP: 42/53 MP: 6/6
  3335 | D:4      | Reached skill level 5 in Fighting
  3840 | D:5      | Entered Level 5 of the Dungeon
  4035 | D:5      | Your scales start taking on a golden yellow colour.
  4035 | D:5      | Reached XP level 7. HP: 57/61 MP: 7/7
  4035 | D:5      | Gained mutation: You are resistant to acid. (rCorr) [Yellow
                  | Draconian growth]
  4128 | D:5      | Reached skill level 5 in Long Blades
  4468 | D:5      | Got the Cyclopedia of Command
  4556 | D:5      | Noticed Prince Ribbit
  4775 | D:5      | Noticed Eustachio
  4788 | D:5      | HP: 1/61 [Eustachio/+2 heavy falchion (9)]
  4788 | D:5      | Slain by an iron imp

Illustrated notes

Levels and vault maps discovered:
D:1:      dpeg_arrival_rhombus, layout_basic, serial_shops, nicolae_shop_crystal
D:2:      layout_basic, serial_corexii_hall, chequers_hall_statues_corner_a,
          chequers_hall_statues_corner_a, uniq_natasha, uniq_terence
D:3:      layout_loops_ring, mainiacjoe_overflow_brackets,
          basic_ecumenical_altar, minmay_misc_feat_rugged,
          nicolae_figureground_sparkle
D:4:      layout_loops_ring
D:5:      layout_cave_pools, serial_gnoll_camp, gnoll_camp_medium_01,
          gnoll_camp_mini_loothouse, gnoll_camp_mini_house, gnoll_camp_mini_hut,
          chequers_serial_rivers_micro_b, uniq_eustachio, uniq_prince_ribbit1

Skill      XL: |  1  2  3  4  5  6  7 |
---------------+----------------------+-----
Dodging        | 3 4 |  4.6
Fighting       | 4 5 |  5.6
Long Blades    | 3 4 5 |  5.3
Shields        | 4 |  4.2

Action                     |  1- 3 |  4- 6 |  7- 9 || total
---------------------------+-------+-------+-------++-------
  Melee: Long sword        |   120 |   197 |    54 ||   371
         Tailslap          |    14 |    21 |     7 ||    42
Ability: Breathe Acid      |       |       |     4 ||     4
  Evoke: Wand              |       |     1 |     4 ||     5
    Use: Potion            |     1 |     3 |       ||     4
         Scroll            |       |     1 |     5 ||     6
   Stab: Sleeping          |     4 |     2 |       ||     6
         Distracted        |       |     1 |       ||     1
 Armour: Skin              |    32 |    51 |    19 ||   102
  Dodge: Dodged            |    75 |   141 |    55 ||   271
  Block: Buckler           |    34 |    52 |    21 ||   107

Table legend: (Time is in decaauts)
 A = Elapsed time spent in this place.
 B = Non-inter-level travel time spent in this place.
 C = Inter-level travel time spent in this place.
 D = Time resting spent in this place.
 E = Time spent auto-exploring this place.
 F = Levels seen in this place.
 G = Mean time per level.
                   A        B        C        D        E       F      G
               +--------+--------+--------+--------+--------+-----+--------+
         Total |   4919 |   4855 |     64 |   1311 |   2601 |   5 |  983.8 |
       Dungeon |   4919 |   4855 |     64 |   1311 |   2601 |   5 |  983.8 |
               +--------+--------+--------+--------+--------+-----+--------+

Top non-repeatable levels by time:
     D:2: 1270 daAuts
     D:1: 968 daAuts
     D:5: 964 daAuts
     D:3: 945 daAuts
     D:4: 770 daAuts
